 Dungeon Crawl Stone Soup version 0.31.0-32-g396128a36d (webtiles) character file.

Game seed: 6488447222723282553

25 spaghetti the Vexing (level 3, -1/31 HPs)
             Began as an Oni Enchanter on Mar 11, 2024.
             Slain by a quokka (2 damage)
             ... on level 1 of the Dungeon.
             The game lasted 00:01:38 (448 turns).

spaghetti the Vexing (Oni Enchanter)                 Turns: 448, Time: 00:01:39

Health: -1/31      AC:  3    Str: 12    XL:     3   Next: 6%
Magic:  6/6        EV:  9    Int: 18    God:
Gold:   52         SH:  0    Dex:  9    Spells: 6/6 levels left

rFire   . . .        a - +1 dagger
rCold   . . .        (no shield)
rNeg    . . .        b - +0 robe
rPois   .            (helmet restricted)
rElec   .            (no cloak)
rCorr   .            (gloves unavailable)
SInv    .            (boots unavailable)
Will    .....        (no amulet)
Stlth   ++           (no ring)
HPRegen 0.25/turn    (no ring)
MPRegen 0.10/turn

%: no passive effects
@: invisible
A: large, unfitting armour, horns 1, tough skin 1, double potion healing,
drunken brawling
a: no special abilities


You were on level 1 of the Dungeon.
You visited 1 branch of the dungeon, and saw 1 of its levels.

You collected 52 gold pieces.

Inventory:

Hand Weapons
 a - a +1 dagger (weapon)
Armour
 b - a +0 robe (worn)
Scrolls
 d - a scroll of poison {unknown}


   Skills:
 - Level 0.8 Short Blades
 - Level 1.7 Dodging
 - Level 2.1 Stealth
 - Level 2.4 Spellcasting
 + Level 3.7 Hexes


You had 6 spell levels left.
You didn't know any spells.
Your spell library contained the following spells:

 Spells                   Type           Power      Damage    Failure   Level
 Confusing Touch          Hex            15%        N/A       11%         3
 Tukima's Dance           Hex            15%        N/A       11%         3
 Ensorcelled Hibernation  Hex/Ice        16%        N/A       12%         2
 Dazzling Flash           Conj/Hex       16%        N/A       24%         3
 Static Discharge         Conj/Air       4%         3-4/arc   26%         2
 Airstrike                Air            1%         2d(1-17)  86%         4
 Summon Lightning Spire   Summ/Air       2%         N/A       86%         4


Dungeon Overview and Level Annotations

Branches:
Dungeon (1/15)

Altars:


Innate Abilities, Weirdness & Mutations

You are too large for most types of armour.
You have a pair of small horns on your head.
You have tough skin. (AC +1)
You gain doubled healing and magic from potions.
Whenever you drink a healing potion, you attack all around you.


Message History

A quokka comes into view.
You closely miss the kobold. Your headbutt misses the kobold.
The kobold is heavily wounded.
The hobgoblin hits you. The kobold hits you with a +0 club.
You hit the kobold.
The kobold is heavily wounded.
The hobgoblin barely misses you. The kobold closely misses you.
You hit the kobold.
You kill the kobold!
The hobgoblin hits you but does no damage.
You completely miss the hobgoblin. The hobgoblin hits you.
You closely miss the hobgoblin.
You punch the hobgoblin, but do no damage.
The hobgoblin hits you.
You hit the hobgoblin.
You headbutt the hobgoblin, but do no damage.
The hobgoblin is moderately wounded.
The quokka misses you. The hobgoblin barely misses you.
You hit the hobgoblin but do no damage.
You punch the hobgoblin, but do no damage.
The hobgoblin is moderately wounded.
The quokka closely misses you. The hobgoblin hits you.
* * * LOW HITPOINT WARNING * * *
You hit the hobgoblin but do no damage. Your headbutt misses the hobgoblin.
The hobgoblin is moderately wounded.
The quokka bites you but does no damage.
The hobgoblin hits you but does no damage.
The quokka bites you.
* * * LOW HITPOINT WARNING * * *
You closely miss the hobgoblin. The hobgoblin hits you.
* * * LOW HITPOINT WARNING * * *
The quokka completely misses you.
You barely miss the quokka. The hobgoblin hits you.
* * * LOW HITPOINT WARNING * * *
The quokka bites you.
* * * LOW HITPOINT WARNING * * *
Okay, then.
You fade into invisibility!
The quokka bites you.
You die...

#.########.....##..
#.##.....#............
#.##...).#...........#.
#†##...................
#.##.........##........
##.######.....##........
......# #.....##........
......# #.....##r)......
......# #.......@.......
......# #........g..#...
#.....# ####........#
#(....# ##.......#
#...### ######### #...#
#...# ...#


You could see a quokka (unable to see you) and a hobgoblin (unable to see you).

Vanquished Creatures
  A dart slug (D:1)
  A ball python (D:1)
  2 endoplasms (D:1)
  A giant cockroach (D:1)
  A goblin (D:1)
  2 hobgoblins (D:1)
  5 jackals (D:1)
  2 kobolds (D:1)
  2 quokkas (D:1)
  A rat (D:1)
18 creatures vanquished.

Notes
Turn   | Place    | Note
-------+----------+-------------------------------------------
     0 | D:1      | spaghetti the Oni Enchanter began the quest for the Orb.
     0 | D:1      | Reached XP level 1. HP: 16/16 MP: 3/3
    80 | D:1      | Reached skill level 3 in Hexes
   119 | D:1      | Reached XP level 2. HP: 24/24 MP: 5/5
   436 | D:1      | Reached XP level 3. HP: 24/31 MP: 6/6
   447 | D:1      | HP: 1/31 [quokka (2)]
   448 | D:1      | Slain by a quokka

Illustrated notes

Levels and vault maps discovered:
D:1:      lemuel_arrival_cross, layout_basic, dk_noncrumbling_4,
          minmay_misc_feat_rows

Skill      XL: |  1 |
---------------+----+-----
Hexes          | 3 |  3.7
Short Blades   | |  0.8
Dodging        | |  1.7
Stealth        | |  2.1
Spellcasting   | |  2.4

Action                     || total
---------------------------++-------
  Melee: Dagger            ||    89
         Headbutt          ||    12
         Punch             ||     3
    Use: Potion            ||     2
   Stab: Sleeping          ||     3
         Invisible         ||     2
 Armour: Robe              ||    75
  Dodge: Dodged            ||    54
